 Dungeon Crawl Stone Soup version 0.30.1-5-ged363bc7ee (webtiles) character file.

Game seed: 14273829379275215408

111313 nms23 the Devastator (level 16, 0/111 HPs)
             Began as a Demonspawn Conjurer on Sept 19, 2023.
             Was a High Priest of Vehumet.
             Slain by a +5 mace of venom (12 damage)
             ... on level 1 of the Elven Halls.
             The game lasted 01:50:06 (30772 turns).

nms23 the Devastator (Demonspawn Conjurer)         Turns: 30772, Time: 01:50:07

Health: 0/111      AC: 21    Str:  8    XL:     16   Next: 9%
Magic:  37/43      EV: 12    Int: 36    God:    Vehumet [*****.]
Gold:   579        SH:  4    Dex: 14    Spells: 14/44 levels left

rFire   + . .        I - +9 war axe of Divine Prudence {pain, Will+ Stlth+}
rCold   + + .        (no shield)
rNeg    + . .        V - +4 scale mail of Privacy {rC+ Dex+2 Slay+3}
rPois   .            T - +2 hat {Int+3}
rElec   .            c - +2 cloak {rF+}
rCorr   .            Y - +2 pair of gloves
SInv    .            O - +1 pair of boots of Veqylihe {rC++}
Will    ++++.        (no amulet)
Stlth   +++          f - +6 ring of intelligence
HPRegen 1.38/turn    x - ring "Posme" {rC- rN+ Will++ MP+9 Stlth+}
MPRegen 0.28/turn

%: no passive effects
@: about to teleport, flying
A: ignite blood 2, powered by death 3, sturdy frame 2, demonic touch 2, large
bone plates 1, wild magic 1
a: Renounce Religion


You were on level 1 of the Elven Halls.
You worshipped Vehumet.
Vehumet was extremely pleased with you.
You visited 5 branches of the dungeon, and saw 19 of its levels.
You also visited: Sewer, Bailey and Volcano.

You collected 2088 gold pieces.
You spent 1509 gold pieces at shops.

Inventory:

Hand Weapons
 v - the +6 shillelagh "Devastator" {shatter}
   (You found it on level 10 of the Dungeon)
 I - the +9 war axe of Divine Prudence (weapon) {pain, Will+ Stlth+}
   (You bought it in a shop on level 2 of the Orcish Mines)

   Will:      It increases your willpower.
   Stlth:     It makes you more stealthy.
Missiles
 P - 3 curare-tipped darts
Armour
 c - a +2 cloak of fire resistance (worn)
 d - the +0 ring mail of Negligence {Int+3}
   (You bought it in a shop on level 2 of the Orcish Mines)

   Int:       It affects your intelligence (+3).
 M - the +1 cloak of Starlight {*Dazzle EV+4 Stlth--}
   (You bought it in a shop on level 2 of the Orcish Mines)

   *Dazzle:   It may blind those who miss an attack against the wearer in melee
   combat.
   EV:        It affects your evasion (+4).
   Stlth:     It makes you much less stealthy.
 O - the +1 pair of boots of Veqylihe (worn) {rC++}
   (You acquired it on level 4 of the Lair of Beasts)

   rC:        It greatly protects you from cold.
 R - the scarf "Zibov" {shadows, Harm Str+3}
   (You found it on level 1 of the Elven Halls)

   Str:       It affects your strength (+3).
   Harm:      It increases damage dealt and taken.
 T - a +2 hat of intelligence (worn)
 V - the +4 scale mail of Privacy (worn) {rC+ Dex+2 Slay+3}
   (You found it on level 8 of the Dungeon)

   Dex:       It affects your dexterity (+2).
   Slay:      It affects your accuracy & damage with ranged weapons and melee
   (+3).
   rC:        It protects you from cold.
 Y - a +2 pair of gloves (worn)
Magical Staves
 i - a staff of fire
 L - the staff of air "Qileuvua" {rElec rC+}
   (You found it on level 9 of the Dungeon)

   [staff of air]

   Base accuracy: +5 Base damage: 5 Base attack delay: 1.2 This weapon's minimum
   attack delay (0.6) is reached at skill level 12.
   rC:        It protects you from cold.
   rElec:     It insulates you from electricity.
   It falls into the 'Staves' category.
   It is a one-handed weapon.
Jewellery
 f - a +6 ring of intelligence (left hand)
 x - the ring "Posme" (right hand) {rC- rN+ Will++ MP+9 Stlth+}
   (You acquired it on level 4 of the Lair of Beasts)

   [ring of positive energy]

   rC:        It makes you vulnerable to cold.
   rN:        It protects you from negative energy.
   MP:        It affects your magic capacity (+9).
   Will:      It greatly increases your willpower.
   Stlth:     It makes you more stealthy.
 K - a ring of willpower
Wands
 y - a wand of flame (16)
 D - a wand of digging (8)
 E - a wand of light (2)
 N - a wand of roots (5)
 Q - a wand of polymorph (8)
 U - a wand of mindburst (8)
 W - a wand of charming (5)
Scrolls
 a - a scroll of silence {unknown}
 g - 6 scrolls of fear
 j - 3 scrolls of vulnerability
 k - 3 scrolls of fog
 m - 5 scrolls of immolation
 o - a scroll of blinking {unknown}
 p - 3 scrolls of summoning
 s - 4 scrolls of magic mapping
 t - 4 scrolls of teleportation
 u - a scroll of poison {unknown}
 w - a scroll of torment {unknown}
 G - a scroll of amnesia {unknown}
Potions
 b - 4 potions of magic
 e - 2 potions of ambrosia
 h - 8 potions of haste
 l - 4 potions of heal wounds
 n - 3 potions of resistance
 q - 4 potions of curing
 z - 6 potions of cancellation
 A - 4 potions of mutation
 B - 4 potions of brilliance
 C - a potion of flight
 F - 2 potions of attraction
 J - 2 potions of lignification
Miscellaneous
 H - a phantom mirror


   Skills:
 - Level 6.0 Fighting
 + Level 4.7 Armour
 - Level 6.0 Dodging
 - Level 1.7 Stealth
 + Level 14.9 Spellcasting
 + Level 15.7 Conjurations
 - Level 6.0 Translocations
 - Level 3.0 Transmutations
 + Level 10.7 Fire Magic
 - Level 6.0 Air Magic
 - Level 3.0 Evocations


You had 14 spell levels left.
You knew the following spells:

 Your Spells              Type           Power      Damage    Failure   Level
a - Magic Dart            Conj           100%       1d8       1%          1
b - Searing Ray           Conj           100%       2d8       1%          2
c - Scorch                Fire           100%       2d9       1%          2
d - Starburst             Conj/Fire      51%        6d14      1%          6
e - Freezing Cloud        Conj/Ice/Air   40%        6-21      1%          5
f - Fireball              Conj/Fire      51%        3d20      1%          5
g - Irradiate             Conj/Tmut      44%        3d26      1%          5
x - Iskenderun's Mystic   Conj/Tloc      94%        2d18      1%          4

Your spell library contained the following spells:

 Spells                   Type           Power      Damage    Failure   Level
 Foxfire                  Conj/Fire      100%       2x1d9     1%          1
 Dazzling Flash           Conj/Hex       100%       N/A       1%          3
 Fulminant Prism          Conj/Hex       41%        3d19      1%          4
 Portal Projectile        Hex/Tloc       100%       N/A       4%          3
 Slow                     Hex            100%       N/A       5%          1
 Plasma Beam              Fire/Air       42%        2x1d62    5%          6
 Confusing Touch          Hex            34%        N/A       13%         3
 Tukima's Dance           Hex            34%        N/A       13%         3
 Vampiric Draining        Necr           34%        2d8       13%         3
 Blade Hands              Tmut           29%        N/A       32%         5


Dungeon Overview and Level Annotations

Branches:
Dungeon (11/15)            Temple (1/1) D:5            Lair (4/5) D:11
  Swamp (0/4) Lair:2        Snake (0/4) Lair:3        Slime (0/5) Lair:4
    Orc (2/2) D:9             Elf (1/3) Orc:2         Sewer (visited)
 Bailey (visited)         Volcano (visited)

Altars:
Ashenzari
Cheibriados
Dithmenos
Fedhas
Gozag
Hepliaklqana
Kikubaaqudgha
Makhleb
Nemelex Xobeh
Okawaru
Qazlal
Ru
Sif Muna
Trog
Uskayaw
Vehumet
Wu Jian
Xom
Jiyva

Shops:
D:4 *   Orc:1 :   Orc:2 [([?   Elf:1 :

Annotations:
D:2 1 runed translucent door, Crazy Yiuf
D:3 2 runed translucent doors, Daz's ghost, weakling HuNe
Lair:4 1 runed translucent door


Innate Abilities, Weirdness & Mutations

Your demonic aura often causes spilled blood to erupt in flames.
You regenerate a lot of health from kills.
Your movements are less encumbered by armour. (ER -4)
Your touch may inflict irresistible damage on your foes.
You are partially covered in large bone plates. (SH +4)
Your spells are a little harder to cast, but a little more powerful.


Message History

The +5 mace of venom slams into the rock wall!
The +5 mace of venom is almost destroyed.
You feel sick.
A +7 dire flail of protection comes into view.
A deep elf pyromancer comes into view. It is wielding a +0 short sword.
A deep elf zephyrmancer comes into view.
It is wielding a +0 dagger and wearing a +2 robe of positive energy.
The +5 mace of venom closely misses you.
You feel very sick. The +5 mace of venom hits you!
You are more poisoned.
The deep elf zephyrmancer casts a spell at you.
The bolt of lightning hits the +5 mace of venom.
The +5 mace of venom completely resists.
The bolt of lightning hits you!
A deep elf archer comes into view. It is wielding a +0 dagger.
The deep elf pyromancer gestures wildly while chanting.
The fire elemental misses you. The +5 mace of venom hits you!
* * * LOW HITPOINT WARNING * * *
You are more poisoned.
You take 37 damage, and have 29/111 hp.
MASSIVE DAMAGE!!
You now have 37/43 mp.
As you read the scroll of teleportation, it crumbles to dust.
You feel strangely unstable.
* * * LOW HITPOINT WARNING * * *
You feel extremely sick.
The +5 mace of venom hits you but does no damage.
You are lethally poisoned!
The deep elf zephyrmancer points at you and mumbles some strange words.
The bolt of lightning hits the +4 short sword of flaming.
The +4 short sword of flaming completely resists.
The bolt of lightning hits the +7 dire flail of protection.
The +7 dire flail of protection completely resists.
The bolt of lightning hits you!!
* * * LOW HITPOINT WARNING * * *
The deep elf pyromancer mumbles some strange words.
The deep elf pyromancer blinks!
The fire elemental hits you. The fire elemental burns you! You resist.
* * * LOW HITPOINT WARNING * * *
You take 28 damage, and have 1/111 hp.
MASSIVE DAMAGE!!
You feel better. The +5 mace of venom hits you!
You die...

.. ###e ( # ..e e.#.
.e# ### .e.. (e#...#
######
#..#####.°'§..
.....# ..#..(...(E☼#
###### ..'...(..@E.#
# .#####'#####
########## #
#8≈≈≈≈≈≈≈8#
#......... ##
#≈≈≈≈≈≈≈≈≈#
####.##### .##
#~~~~~~~≈≈# #.# ..##
##.........# #.#
...######.)#######.#
#.#
....'..............#
#.#
....######.#########
#.#


You could see a deep elf archer (repels missiles), a deep elf high priest, a
deep elf pyromancer, 2 deep elf zephyrmancers, 2 fire elementals and 4 dancing
weapons.

Vanquished Creatures
  Gastronok (D:10)
  A deep elf sorcerer (Elf:1)
  Nessos (Lair:4)
  Harold (D:9)
  2 hydras
  4 ogre magi (Orc:2)
  18 two-headed ogres
  A boulder beetle (D:10)
  8 dancing weapons (Elf:1)
  An orc high priest (Orc:1)
  Urug (Lair:4)
  A hell knight (Volcano)
  8 deep elf knights (Elf:1)
  5 orc knights
  A deep elf archer (Elf:1)
  12 deep elf zephyrmancers (Elf:1)
  Pikel (D:9)
  10 deep elf pyromancers
  2 ugly things (Volcano)
  2 manticores
  3 orc sorcerers
  A cyclops (D:11)
  4 oklob plants (Lair:3)
  21 elephants
  A smoke demon (Volcano)
  3 black mambas
  2 gargoyles (D:10)
  7 cane toads
  7 komodo dragons
  An unseen horror (D:11)
  A rime drake (Lair:2)
  2 red devils (Volcano)
  A polar bear (Lair:2)
  9 trolls
  A tyrant leech (Lair:2)
  8 blink frogs (Lair:2)
  A hornet (Lair:1)
  A slime creature (D:9)
  2 air elementals (Elf:1)
  A vampire (D:11)
  A fire elemental (Elf:1)
  8 fire bats (Volcano)
  5 wyverns
  A water elemental (Elf:1)
  A wraith (D:11)
  28 yaks
  2 basilisks (Lair:2)
  3 wargs
  Menkaure (D:5)
  4 steam dragons
  An acid dragon (D:10)
  18 water moccasins
  A hell hound (Volcano)
  29 orc warriors
  3 black bears
  11 wolves
  27 ogres
  3 centaurs
  4 lemures (D:9)
  4 kobold brigands
  12 bullfrogs
  5 necrophages (Lair:2)
  5 scorpions
  14 wights
  15 killer bees
  5 howler monkeys
  7 electric eels
  7 lava snakes (Volcano)
  3 hounds
  16 orc priests
  6 jellies
  6 iguanas
  Jessica (D:3)
  5 sleepcaps
  21 orc wizards
  6 hell rats (Lair:4)
  11 gnolls
  9 adders
  A river rat (D:4)
  A shadow imp (D:6)
  3 white imps (D:6)
  An ufetubus (D:6)
  4 worms
  4 dart slugs
  103 orcs
  18 endoplasms
  9 giant cockroaches
  32 goblins
  24 hobgoblins
  4 jackals
  23 kobolds
  6 quokkas
  9 ball pythons
  6 bats
  8 frilled lizards
  10 rats
733 creatures vanquished.

Vanquished Creatures (collateral kills)
  A deep elf pyromancer (D:9)
1 creature vanquished.

Grand Total: 734 creatures vanquished

Notes
Turn   | Place    | Note
-------+----------+-------------------------------------------
     0 | D:1      | nms23 the Demonspawn Conjurer began the quest for the Orb.
     0 | D:1      | Reached XP level 1. HP: 13/13 MP: 3/3
   365 | D:1      | Gained mutation: Your demonic aura sometimes causes spilled
                  | blood to erupt in flames. [demonic ancestry]
   365 | D:1      | Reached XP level 2. HP: 19/19 MP: 0/5
   950 | D:2      | Learned a level 2 spell: Searing Ray
  1132 | D:2      | Gained mutation: You regenerate a little health from kills.
                  | [demonic ancestry]
  1132 | D:2      | Reached XP level 3. HP: 24/24 MP: 0/7
  1251 | D:2      | Found a runed translucent door.
  1252 | D:2      | Noticed Crazy Yiuf
  2338 | D:3      | Reached XP level 4. HP: 17/30 MP: 0/9
  2548 | D:3      | Gained mutation: Your touch may inflict minor irresistible
                  | damage on your foes. [demonic ancestry]
  2548 | D:3      | Reached XP level 5. HP: 35/35 MP: 4/11
  2887 | D:3      | Noticed Jessica
  2888 | D:3      | Killed Jessica
  2889 | D:3      | Reached skill level 5 in Conjurations
  3109 | D:3      | Found a large runed translucent door.
  3109 | D:3      | Found a large runed translucent door.
  3111 | D:3      | Noticed Daz's ghost (weakling HuNe)
  3875 | D:4      | Reached skill level 5 in Spellcasting
  3875 | D:4      | Reached XP level 6. HP: 41/41 MP: 7/13
  3886 | D:4      | Learned a level 4 spell: Iskenderun's Mystic Blast
  4043 | D:4      | Found a glowing drain.
  4049 | Sewer    | Entered a sewer
  4634 | Sewer    | Found a viscous altar of Jiyva.
  4722 | Sewer    | Reached skill level 1 in Translocations
  4852 | D:4      | Gained mutation: You regenerate health from kills. [demonic
                  | ancestry]
  4852 | D:4      | Reached XP level 7. HP: 46/46 MP: 9/15
  4900 | D:4      | Found Cour's Assorted Antiques.
  4912 | D:4      | Bought a scroll labelled AHYZXI USAOBY for 16 gold pieces
  4912 | D:4      | Bought a golden potion for 14 gold pieces
  4912 | D:4      | Bought a scroll labelled REKKE XICHIFUIHA for 16 gold
                  | pieces
  4912 | D:4      | Bought a scroll labelled SATUEM ASHESK for 16 gold pieces
  5216 | D:4      | Reached skill level 6 in Conjurations
  5364 | D:4      | Noticed a wyvern
  5386 | D:4      | Killed a wyvern
  5542 | D:4      | Gained mutation: Your touch may inflict irresistible damage
                  | on your foes. [demonic ancestry]
  5542 | D:4      | Reached XP level 8. HP: 52/52 MP: 6/18
  6165 | D:5      | Entered Level 5 of the Dungeon
  6507 | D:5      | Found an iron altar of Okawaru.
  6689 | D:5      | Reached skill level 7 in Conjurations
  6913 | D:5      | Found a staircase to the Ecumenical Temple.
  6918 | Temple   | Entered the Ecumenical Temple
  6967 | Temple   | Became a worshipper of Vehumet
  7382 | D:5      | Noticed Menkaure
  7385 | D:5      | Killed Menkaure
  7718 | D:6      | Gained mutation: Your movements are slightly less
                  | encumbered by armour. (ER -2) [demonic ancestry]
  7718 | D:6      | Reached XP level 9. HP: 36/57 MP: 10/21
  8237 | D:6      | Reached * piety under Vehumet
  8237 | D:6      | Offered knowledge of Kiss of Death by Vehumet.
  8666 | D:6      | Reached ** piety under Vehumet
  8670 | D:6      | Offered knowledge of Scorch by Vehumet.
  8914 | D:6      | Gained mutation: Your spells are a little harder to cast,
                  | but a little more powerful. [potion of mutation]
  8914 | D:6      | Gained mutation: Your mind is acute. (Int +4, Str/Dex -1)
                  | [potion of mutation]
  8914 | D:6      | Lost mutation: Your mind is acute. (Int +4, Str/Dex -1)
                  | [potion of mutation]
  8914 | D:6      | Gained mutation: You are partially covered in large bone
                  | plates. (SH +4) [potion of mutation]
  8914 | D:6      | HP: 1/57 [something (4)]
  9231 | D:6      | Learned a level 2 spell: Scorch
  9237 | D:6      | Learned a level 5 spell: Fireball
  9760 | D:7      | Reached skill level 1 in Fire Magic
  9878 | D:7      | Found a sparkling altar of Nemelex Xobeh.
  9981 | D:7      | Reached skill level 8 in Conjurations
 10011 | D:7      | Identified the amulet of Jotugh {Faith Will+}
 10013 | D:7      | Saving game... please wait.
 10039 | D:7      | Offered knowledge of Inner Flame by Vehumet.
 10168 | D:7      | Reached skill level 5 in Translocations
 10564 | D:7      | Reached *** piety under Vehumet
 11337 | D:8      | Reached XP level 10. HP: 63/63 MP: 20/23
 11570 | D:8      | Identified the +3 dagger of Excruciating Pain {antimagic,
                  | rN++ Dex-5}
 11744 | D:8      | Offered knowledge of Mephitic Cloud by Vehumet.
 11873 | D:8      | Reached skill level 1 in Fighting
 12062 | D:8      | Identified the +4 scale mail of Privacy {rC+ Dex+2 Slay+3}
 12192 | D:9      | Found a flagged portal.
 12208 | D:9      | Noticed a two-headed ogre
 12218 | D:9      | Killed a two-headed ogre
 12248 | D:9      | Reached skill level 9 in Conjurations
 12295 | Bailey   | Entered a bailey
 12699 | Bailey   | Noticed an orc knight
 12699 | Bailey   | Noticed an orc knight
 12726 | Bailey   | Reached **** piety under Vehumet
 12732 | Bailey   | Killed an orc knight
 12733 | Bailey   | Reached skill level 10 in Spellcasting
 12827 | Bailey   | Killed an orc knight
 12992 | Bailey   | Noticed an orc knight
 13027 | Bailey   | Killed an orc knight
 13027 | Bailey   | Offered knowledge of Sticky Flame by Vehumet.
 13028 | Bailey   | Reached skill level 5 in Fire Magic
 13134 | Bailey   | Noticed an orc knight
 13147 | Bailey   | Killed an orc knight
 13148 | Bailey   | Reached XP level 11. HP: 75/75 MP: 2/25
 13775 | D:9      | Noticed Harold
 14098 | D:9      | Reached skill level 10 in Conjurations
 14219 | D:9      | Noticed a deep elf pyromancer
 14230 | D:9      | Noticed a deep elf pyromancer
 14242 | D:9      | Killed a deep elf pyromancer
 14466 | D:9      | Killed a deep elf pyromancer
 14536 | D:9      | Identified the +0 ring mail of Sif Muna's Fury {Harm Drain
                  | rElec SInv}
 14543 | D:9      | Identified the staff of air "Qileuvua" {rElec rC+}
 14983 | D:9      | Noticed Pikel
 14993 | D:9      | Killed Pikel
 15298 | D:9      | Found a staircase to the Orcish Mines.
 15549 | D:9      | Reached ***** piety under Vehumet
 15792 | D:9      | Reached skill level 5 in Fighting
 15792 | D:9      | Reached skill level 11 in Conjurations
 15792 | D:9      | Gained mutation: Your demonic aura often causes spilled
                  | blood to erupt in flames. [demonic ancestry]
 15792 | D:9      | Reached XP level 12. HP: 86/86 MP: 27/27
 15793 | D:9      | Reached skill level 5 in Dodging
 15793 | D:9      | Reached skill level 12 in Conjurations
 15793 | D:9      | Reached XP level 13. HP: 92/92 MP: 27/29
 15801 | D:9      | Learned a level 6 spell: Starburst
 15821 | D:10     | Entered Level 10 of the Dungeon
 15838 | D:10     | Offered knowledge of Flame Wave by Vehumet.
 15962 | D:9      | Killed Harold
 16230 | D:10     | Reached skill level 1 in Evocations
 16708 | D:10     | Noticed Gastronok
 16814 | D:10     | Killed Gastronok
 17311 | D:10     | Found the +6 shillelagh "Devastator" {shatter}
 17929 | D:11     | Found a staircase to the Lair.
 18195 | D:11     | Reached XP level 14. HP: 98/98 MP: 21/30
 18590 | D:11     | Found a blossoming altar of Fedhas.
 18635 | D:11     | Reached skill level 13 in Conjurations
 19216 | Lair:1   | Entered Level 1 of the Lair of Beasts
 21363 | Lair:2   | Offered knowledge of Freezing Cloud by Vehumet.
 21573 | Lair:2   | You fall into a shaft and drop 2 floors!
 21881 | Lair:4   | Noticed Urug
 21887 | Lair:4   | Killed Urug
 22013 | Lair:4   | Reached skill level 14 in Conjurations
 22176 | Lair:4   | Found a runed translucent door.
 22339 | Lair:4   | Identified 2 scrolls of acquirement
 22340 | Lair:4   | Acquired the +1 pair of boots of Veqylihe {rC++}
 22347 | Lair:4   | Acquired the ring "Posme" {rC- rN+ Will++ MP+9 Stlth+}
 22458 | Lair:4   | Noticed Nessos
 22461 | Lair:4   | Killed Nessos
 23145 | Lair:4   | Found a viscous altar of Jiyva.
 23146 | Lair:4   | Found a staircase to the Slime Pits.
 23393 | Lair:3   | Learned a level 5 spell: Freezing Cloud
 23450 | Lair:3   | Found a dark tunnel.
 23458 | Volcano  | Entered a volcano
 23577 | Volcano  | Reached skill level 1 in Armour
 23698 | Volcano  | Saving game... please wait.
 23711 | Volcano  | Reached skill level 1 in Air Magic
 23930 | Volcano  | Found a burning altar of Makhleb.
 23978 | Volcano  | Found a burning altar of Makhleb.
 24201 | Lair:3   | Found a staircase to the Snake Pit.
 24335 | Lair:3   | Gained mutation: You regenerate a lot of health from kills.
                  | [demonic ancestry]
 24335 | Lair:3   | Reached XP level 15. HP: 105/105 MP: 22/33
 25911 | Lair:2   | Found a staircase to the Swamp.
 26263 | Orc:1    | Entered Level 1 of the Orcish Mines
 26341 | Orc:1    | Saving game... please wait.
 26391 | D:9      | Offered knowledge of Irradiate by Vehumet.
 26398 | D:9      | Learned a level 5 spell: Irradiate
 26538 | Orc:1    | Found Kidghymo's Book Shoppe.
 26556 | Orc:1    | Reached skill level 1 in Transmutations
 26886 | Orc:2    | Entered Level 2 of the Orcish Mines
 26927 | Orc:2    | Found a staircase to the Elven Halls.
 27784 | Orc:2    | Reached skill level 15 in Conjurations
 27821 | Orc:2    | Reached skill level 10 in Fire Magic
 27861 | Orc:2    | Reached skill level 5 in Air Magic
 28169 | Orc:2    | Found Ykhuwomi's Magic Scroll Emporium.
 28169 | Orc:2    | Found Fotoamoel's Antique Weapon Boutique.
 28170 | Orc:2    | Found Doelol's Armour Boutique.
 28170 | Orc:2    | Found Itofups's Antique Armour Shoppe.
 28177 | Orc:2    | Bought a scroll of fog for 56 gold pieces
 28177 | Orc:2    | Bought a scroll of identify for 28 gold pieces
 28178 | Orc:2    | Bought a scroll of identify for 28 gold pieces
 28178 | Orc:2    | Bought a scroll of identify for 28 gold pieces
 28180 | Orc:2    | Bought a slimy ring mail for 234 gold pieces
 28180 | Orc:2    | Identified the +0 ring mail of Negligence {Int+3} (You
                  | bought it in a shop on level 2 of the Orcish Mines)
 28181 | Orc:2    | Bought an encrusted war axe for 280 gold pieces
 28181 | Orc:2    | Identified the +9 war axe of Divine Prudence {pain, Will+
                  | Stlth+} (You bought it in a shop on level 2 of the Orcish
                  | Mines)
 28377 | Orc:2    | Bought the +1 cloak of Starlight {*Dazzle EV+4 Stlth--} for
                  | 793 gold pieces
 28377 | Orc:2    | Found the +1 cloak of Starlight {*Dazzle EV+4 Stlth--}
 28497 | Elf:1    | Entered Level 1 of the Elven Halls
 28645 | Elf:1    | Identified the scarf "Zibov" {shadows, Harm Str+3}
 28696 | Elf:1    | Noticed a deep elf sorcerer
 28703 | Elf:1    | Killed a deep elf sorcerer
 29150 | Elf:1    | Saving game... please wait.
 29730 | Elf:1    | Gained mutation: Your movements are less encumbered by
                  | armour. (ER -4) [demonic ancestry]
 29730 | Elf:1    | Reached XP level 16. HP: 87/111 MP: 10/34
 30269 | Elf:1    | Found Rymp's Self-Improvement Boutique.
 30766 | Elf:1    | Paralysed by an air elemental for 1 turns
 30771 | Elf:1    | HP: 3/111 [deep elf zephyrmancer/bolt of lightning (18)]
 30771 | Elf:1    | HP: 1/111 [fire elemental (2)]
 30772 | Elf:1    | Slain by a +5 mace of venom

Illustrated notes

Levels and vault maps discovered:
D:1:      saegor_arrival_simple_b, layout_loops_cross
D:2:      layout_loops_ring, uniq_crazy_yiuf_cottage
D:3:      layout_basic, ebering_ghost_disaster_area,
          minmay_misc_feat_four_crosses, uniq_jessica
D:4:      layout_rooms, serial_shops, shop_statue, gup_sewer_entry_spiral,
          minmay_divided_ellipse
D:5:      layout_loops_ring, old_standard_altar,
          minmay_temple_entry_glassed_door, uniq_menkaure
D:6:      minmay_goblin_kobold_castle, layout_loops_corners
D:7:      layout_loops_corners, mainiacjoe_overflow_chevrons,
          minmay_increasing_density
D:8:      layout_basic, interstate_on_off
D:9:      layout_basic, erik_orc_2, enter_bailey_2, minmay_strange_pillars,
          minmay_radiant, uniq_harold, uniq_pikel
D:10:     minmay_razor_zed, layout_basic, dilly_guarded_unrand_devastator,
          uniq_gastronok
D:11:     layout_loops_ring, david_lair_shrubbed, glass_columns_c,
          fedhas_altar_fruit_tree
Temple:   nicolae_temple_bog_church
Lair:1:   layout_roguey
Lair:2:   layout_roguey, minmay_swamp_entry_worms, st_stairs_8,
          serial_bayou_pond_d, chequers_serial_rivers_small_a,
          roderic_carrion_pond
Lair:3:   minmay_lair_oklob_tunnel, layout_cave_pods,
          minmay_snake_entry_six_corridors, enter_volcano_2
Lair:4:   gammafunk_indiana_jones, layout_regular_city, slime_entry_1,
          infiniplex_staircase_pool, uniq_nessos, uniq_urug
Orc:1:    layout_caves, serial_shops, nicolae_lakefront_shop
Orc:2:    st_orc_ogre_mass, layout_diamond_mine
Elf:1:    kennysheep_ambush_hall, layout_gridlike, evilmike_minifort,
          st_stairs_5, nicolae_shop_self_help

Skill      XL: |  1  2  3  4  5  6  7  8  9 10 11 12 13 14 15 |
---------------+----------------------------------------------+-----
Spellcasting   | 3 4 5 6 8 9 10 11 12 14 | 14.9
Conjurations   | 5 6 7 8 9 11 12 14 15 | 15.7
Translocations | 1 2 3 5 6 |  6.0
Dodging        | 2 3 5 6 |  6.0
Fire Magic     | 2 5 6 7 9 10 | 10.7
Fighting       | 3 5 6 |  6.0
Evocations     | 2 3 |  3.0
Armour         | 2 4 |  4.7
Air Magic      | 2 6 |  6.0
Transmutations | 3 |  3.0
Stealth        | |  1.7

Action                     |  1- 3 |  4- 6 |  7- 9 | 10-12 | 13-15 | 16-18 || total
---------------------------+-------+-------+-------+-------+-------+-------++-------
  Melee: Unarmed           |     3 |       |       |       |       |       ||     3
         Short sword       |    16 |       |     3 |       |       |       ||    19
         Falchion          |       |     3 |     1 |       |       |       ||     4
         Touch             |       |     1 |       |     1 |    10 |       ||    12
         Whip              |       |       |       |    11 |     3 |       ||    14
         Shillelagh        |       |       |       |       |    51 |       ||    51
         War axe           |       |       |       |       |     4 |     1 ||     5
  Throw: Dart              |       |       |       |     4 |     3 |       ||     7
   Cast: Magic Dart        |    70 |   128 |   295 |    94 |   237 |       ||   824
         Searing Ray       |     2 |    10 |    66 |    52 |    83 |       ||   213
         Iskenderun's Myst |       |       |     3 |    23 |    88 |     9 ||   123
         Fireball          |       |       |       |    34 |   194 |    10 ||   238
         Scorch            |       |       |       |     3 |    79 |     5 ||    87
         Starburst         |       |       |       |       |     7 |       ||     7
         Freezing Cloud    |       |       |       |       |     5 |     1 ||     6
  Evoke: Wand              |       |       |       |     7 |    15 |       ||    22
    Use: Potion            |       |       |     3 |     2 |       |     2 ||     7
         Scroll            |       |       |       |     7 |    18 |     1 ||    26
 Armour: Robe              |    10 |     1 |     7 |     3 |       |       ||    21
         Ring mail         |       |       |       |    14 |     4 |       ||    18
         Scale mail        |       |       |       |       |    86 |     4 ||    90
  Dodge: Dodged            |    12 |    13 |    63 |    49 |   113 |     6 ||   256
  Block: Other             |       |       |     5 |    12 |    25 |       ||    42
